 Dungeon Crawl Stone Soup version 0.21-a0-531-gacddea6 (webtiles) character file.

2186 Amnesiac the Geomancer (level 9, -8/52 HPs)
             Began as a Deep Elf Earth Elementalist on Dec 12, 2017.
             Was a Believer of Sif Muna.
             Mangled by a thrashing horror (14 damage)
             ... on level 1 of the Abyss.
             The game lasted 00:13:42 (6582 turns).

Amnesiac the Geomancer (DEEE)                       Turns: 6582, Time: 00:13:43

Health: -8/52      AC:  4    Str:  5    XL:     9   Next: 11%
Magic:  10/22      EV: 14    Int: 28    God:    Sif Muna [**....]
Gold:   420        SH:  6    Dex: 15    Spells: 7/22 levels left

rFire    + . .     SeeInvis +   y - +8 dagger of Greed {holy, Int+4}
rCold    + . .     Gourm    .   F - +1 buckler {rF+}
rNeg     + . .     Faith    +   u - +1 leather armour of Instinct {rC+ rN+ Slay-5}
rPois    .         Spirit   .   (no helmet)
rElec    .         Reflect  .   (no cloak)
rCorr    .         Harm     .   (no gloves)
MR       .....                  (no boots)
Stlth    ++........             f - amulet of faith
HPRegen  0.00/turn              m - ring of wizardry
MPRegen  0.18/turn              C - ring of see invisible

@: non-regenerating, diseased, hasted, divine energy, very quick
A: no striking features
a: Stop Divine Energy, Renounce Religion


You were on level 1 of the Abyss.
You worshipped Sif Muna.
Sif Muna was pleased with you.
You were hungry.

You visited 2 branches of the dungeon, and saw 8 of its levels.
You visited the Abyss 1 time.
You also visited: Ossuary.

You collected 420 gold pieces.

Inventory:

Hand Weapons
 a - a +0 dagger
 h - a +4 short sword of venom
 n - the +8 great sword of the Philosopher {vamp, rC+ rN+ Str+4 Int-2}
   (You found it on level 5 of the Dungeon)

   It inflicts no extra harm, but heals its wielder when it wounds a living foe.
   It affects your strength (+4).
   It affects your intelligence (-2).
   It protects you from cold.
   It protects you from negative energy.
 s - a +1 dagger of distortion
 y - the +8 dagger of Greed (weapon) {holy, Int+4}
   (You found it on level 5 of the Dungeon)

   It has been blessed by the Shining One to cause great damage to the undead
   and demons.
   It affects your intelligence (+4).
Missiles
 c - 42 poisoned needles
 H - 13 throwing nets
 M - 33 stones (quivered)
Armour
 u - the +1 leather armour of Instinct (worn) {rC+ rN+ Slay-5}
   (You found it on level 4 of the Dungeon)

   It affects your accuracy and damage with ranged weapons and melee attacks
   (-5).
   It protects you from cold.
   It protects you from negative energy.
 F - a +1 buckler of fire resistance (worn)
 R - a +1 robe of magic resistance
Magical Staves
 G - an uncursed staff of cold {unknown}
Jewellery
 f - an amulet of faith (around neck)
 m - a ring of wizardry (left hand)
 o - an uncursed ring of positive energy
 w - an uncursed ring of ice
 C - a ring of see invisible (right hand)
 D - an uncursed ring of positive energy
Wands
 t - a wand of polymorph (14)
 x - a wand of digging (16)
 A - a wand of enslavement (15)
 B - a wand of iceblast (6)
Scrolls
 b - 2 scrolls of holy word {!r, unknown}
 g - 4 scrolls of remove curse {!r}
 k - 2 scrolls of magic mapping {!r}
 r - 5 scrolls of identify {!r}
 v - a scroll of fog {!r}
 E - a scroll of amnesia {!r}
 I - 2 scrolls of random uselessness {!r, unknown}
 N - a scroll of fear {!r}
 O - a scroll of blinking {!r, unknown}
 Q - a scroll of summoning {!r, unknown}
Potions
 i - a potion of resistance {!q, unknown}
 j - 2 potions of heal wounds {!q, unknown}
 l - 2 potions of curing {!q, unknown}
 p - a potion of might {!q}
 q - a potion of lignification {!q}
 z - 2 potions of haste {!q}
 J - 2 potions of mutation {!q, unknown}
 K - a potion of ambrosia {!q, unknown}
 L - a potion of cancellation {!q, unknown}
 P - a potion of brilliance {!q, unknown}
Books
 e - a book of Geomancy

   Spells                             Type                      Level
   a - Sandblast                      Earth                        1
   b - Passwall                       Transmutation/Earth          2
   c - Stone Arrow                    Conjuration/Earth            3
   d - Petrify                        Transmutation/Earth          4
   e - Lee's Rapid Deconstruction     Earth                        5
Comestibles
 d - 6 bread rations


   Skills:
 - Level 4.0 Fighting
 - Level 5.0 Dodging
 - Level 2.4 Stealth
 - Level 4.0 Shields
 + Level 7.4 Spellcasting
 - Level 1.1 Transmutations
 * Level 8.7 Earth Magic


You had 7 spell levels left.
You knew the following spells:

 Your Spells              Type           Power        Failure   Level  Hunger
a - Stone Arrow           Conj/Erth      ####..       1%          3    None
b - Passwall              Tmut/Erth      #####.....   1%          2    None
c - Sandblast             Erth           ######       1%          1    None
d - Lee's Rapid Deconstr  Erth           ######....   2%          5    ####...
e - Petrify               Tmut/Erth      #####...     4%          4    ##.....


Dungeon Overview and Level Annotations

Branches:
Dungeon (7/15)             Temple (1/1) D:4

Altars:
Ashenzari
Elyvilon
Fedhas
Gozag
Kikubaaqudgha
Makhleb
Nemelex Xobeh
Okawaru
Qazlal
Ru
Sif Muna
Trog
Uskayaw
Vehumet
Xom
Yredelemnul
Zin

Shops:
D:4 }   D:5 [


Message History

Press: ? - help, Shift-Dir - straight line, f/p - thrashing horror
Aim: a thrashing horror (lightly damaged, petrified)
The stone arrow misses the small abomination.
The stone arrow hits the thrashing horror.
The thrashing horror is lightly damaged.
The small abomination barely misses you.
Casting: Stone Arrow
Confirm with . or Enter, or press ? or * to list all spells.
Aiming: Stone Arrow
Press: ? - help, Shift-Dir - straight line, f/p - thrashing horror
Aim: a thrashing horror (lightly damaged, petrified)
The stone arrow hits the small abomination.
The small abomination is almost destroyed.
The small abomination barely misses you.
Casting: Stone Arrow
Confirm with . or Enter, or press ? or * to list all spells.
Aiming: Stone Arrow
Press: ? - help, Shift-Dir - straight line, f/p - thrashing horror
Aim: a thrashing horror (lightly damaged, petrified)
The stone arrow hits the small abomination.
You destroy the small abomination!
Sif Muna accepts your kill.
You are feeling hungry.
The thrashing horror is no longer petrified.
You block the thrashing horror's attack.
The thrashing horror misses you.
The thrashing horror roars!
The thrashing horror tramples you but does no damage.
The thrashing horror misses you.
The thrashing horror tramples you but does no damage.
The thrashing horror tramples you.
You stumble backwards!
The thrashing horror tramples you!
You stumble backwards!
You block the thrashing horror's attack.
The thrashing horror tramples you.
* * * LOW HITPOINT WARNING * * *
You stumble backwards!
The thrashing horror barely misses you.
You block the thrashing horror's attack.
A small abomination comes into view.
Okay, then.
The thrashing horror completely misses you.
You block the thrashing horror's attack.
The small abomination closely misses you.
The thrashing horror misses you. The thrashing horror tramples you.
* * * LOW HITPOINT WARNING * * *
You stumble backwards!
The thrashing horror roars!
The thrashing horror closely misses you.
The thrashing horror barely misses you.
You feel ill. The small abomination hits you!
* * * LOW HITPOINT WARNING * * *
You block the thrashing horror's attack. x2
The thrashing horror closely misses you.
The thrashing horror barely misses you.
Okay, then.
Okay, then.
Okay, then.
Really quaff
z - 3 pink potions {!q}?
It was a potion of haste {!q}.
You feel yourself speed up. The thrashing horror tramples you.
* * * LOW HITPOINT WARNING * * *
You stumble backwards!
The thrashing horror tramples you!
You die...

###.##..# . . ....
. # .#...§ ##...#
.. # ...# .#####..
. . # #...#.####.#
# ..#.#.#.#... ..
# .##.#..##.....
... .$. # #
...§.#..#### # .#
. #...#..#X...## .
###.#..@#.#..###
..
##.#..###....###.§
..
##..##.#.........
..
#.#.##.#x....##..
. #...#..>..###.#
##.. x.##### ...
##.. ....# ...
#... ##. #
##....##.#


You could see a thrashing horror.

Vanquished Creatures
  2 small abominations (Abyss:1)
  A water moccasin (D:7)
  An ice beast (D:7)
  3 ogres
  4 bullfrogs
  2 scorpions (D:7)
  A water moccasin skeleton (D:6)
  A howler monkey (D:4)
  4 wights (D:6)
  2 centaur zombies (Ossuary)
  A bullfrog zombie (D:5)
  A crimson imp (D:5)
  2 quasits (D:7)
  3 orc priests (D:5)
  A centaur skeleton (D:4)
  2 hounds
  2 orc wizards
  3 iguanas
  5 worker ants
  A big kobold zombie (Ossuary)
  4 mummies (Ossuary)
  4 gnolls (D:4)
  11 adders
  A shadow imp (D:7)
  3 worms
  A dart slug (D:2)
  A leopard gecko (D:4)
  12 orcs
  A ball python (D:1)
  A giant cockroach (D:1)
  5 goblins
  16 hobgoblins
  12 jackals
  A quokka (D:2)
  10 bats
  8 frilled lizards
  5 hobgoblin zombies (Ossuary)
  A jackal skeleton (D:6)
  3 kobolds
  7 rats
149 creatures vanquished.

Vanquished Creatures (others)
  A leopard gecko skeleton (D:4)
1 creature vanquished.

Grand Total: 150 creatures vanquished

Notes
Turn   | Place    | Note
-------+----------+-------------------------------------------
     0 | D:1      | Amnesiac the Deep Elf Earth Elementalist began the quest for the Orb.
     0 | D:1      | Reached XP level 1. HP: 10/10 MP: 6/6
   110 | D:1      | Reached skill level 1 in Fighting
   293 | D:1      | Reached XP level 2. HP: 15/16 MP: 4/8
   307 | D:1      | Learned a level 2 spell: Passwall
   899 | D:2      | Reached XP level 3. HP: 20/22 MP: 9/9
   907 | D:2      | Learned a level 3 spell: Stone Arrow
  1678 | D:3      | Reached XP level 4. HP: 17/27 MP: 10/10
  2103 | D:3      | Reached XP level 5. HP: 14/32 MP: 9/11
  2570 | D:4      | Found a staircase to the Ecumenical Temple.
  2580 | D:4      | Found an opulent altar of Gozag.
  2814 | Temple   | Entered the Ecumenical Temple
  2905 | Temple   | Became a worshipper of Sif Muna the Loreminder
  3094 | D:4      | Found a basalt altar of Yredelemnul.
  3139 | D:4      | Reached XP level 6. HP: 26/38 MP: 2/13
  3145 | D:4      | Learned a level 4 spell: Petrify
  3156 | D:4      | Got a scorched leather armour
  3201 | D:4      | Found an ancient bone altar of Kikubaaqudgha.
  3213 | D:4      | Found an opulent altar of Gozag.
  3225 | D:4      | Found a white marble altar of Elyvilon.
  3308 | D:4      | Reached skill level 4 in Earth Magic
  3551 | D:4      | Identified the cursed +1 leather armour of Instinct {rC+ rN+ Slay-5} (You found it on level 4 of the Dungeon)
  3688 | D:4      | Found Ampyonul's Gadget Shoppe.
  3909 | D:5      | Entered Level 5 of the Dungeon
  4053 | D:5      | Found Wuamnouge's Antique Armour Emporium.
  4075 | D:5      | Got a dazzling dagger
  4093 | D:5      | Reached skill level 5 in Earth Magic
  4093 | D:5      | Reached XP level 7. HP: 30/43 MP: 5/15
  4151 | D:5      | Found a blossoming altar of Fedhas.
  4161 | D:5      | Reached skill level 5 in Dodging
  4235 | D:5      | Got a twisted great sword
  4337 | D:5      | Reached * piety under Sif Muna
  4717 | D:6      | Reached skill level 5 in Spellcasting
  4785 | D:6      | Reached skill level 6 in Earth Magic
  4843 | D:6      | Found a stormy altar of Qazlal.
  4927 | D:6      | Reached skill level 1 in Shields
  4927 | D:6      | Reached XP level 8. HP: 41/48 MP: 14/18
  5311 | D:7      | Found a sand-covered staircase.
  5323 | Ossuary  | Entered an ossuary
  5347 | Ossuary  | Learned a level 5 spell: Lee's Rapid Deconstruction
  5630 | Ossuary  | Reached skill level 7 in Earth Magic
  5656 | Ossuary  | Reached ** piety under Sif Muna
  6186 | D:7      | Reached skill level 8 in Earth Magic
  6204 | D:7      | Reached XP level 9. HP: 18/52 MP: 0/21
  6429 | D:7      | Cast into level 1 of the Abyss (a distortion unwield)
  6435 | Abyss:1  | Identified the +8 great sword of the Philosopher {vamp, rC+ rN+ Str+4 Int-2} (You found it on level 5 of the Dungeon)
  6436 | Abyss:1  | Identified the +8 dagger of Greed {holy, Int+4} (You found it on level 5 of the Dungeon)
  6555 | Abyss:1  | Noticed a thrashing horror
  6557 | Abyss:1  | Noticed an ancient zyme
  6582 | Abyss:1  | Mangled by a thrashing horror

Vault maps used:
D:1:      giann_wishing_wells, solitary_fountain, minmay_distorted
D:2:      first_bread
D:3:      kennysheep_generic_room_7
D:4:      nicolae_overflow_quartered_altars, temple_green, serial_shops,
          shop_statue, grunt_gozag_statues
D:5:      serial_shops, shop, fedhas_altar_3
D:6:      basic_altar
D:7:      lightli_ossuary_entry_decrepit_ruins
Temple:   regret_index_temple_sphere_string
Ossuary:  ossuary_the_hunt_dpeg

Skill      XL: |  1  2  3  4  5  6  7  8 |
---------------+-------------------------+-----
Fighting       | 1 2 3 4 |  4.0
Dodging        | 3 4 5 |  5.0
Earth Magic    | 5 6 8 |  8.7
Spellcasting   | 4 5 7 |  7.4
Shields        | 1 4 |  4.0
Stealth        | |  2.4
Transmutations | |  1.1

Action                   |  1- 3 |  4- 6 |  7- 9 || total
-------------------------+-------+-------+-------++-------
Melee: Dagger            |    13 |    18 |    11 ||    42
       Unarmed           |     1 |       |       ||     1
       Short sword       |    87 |    55 |       ||   142
 Cast: Sandblast         |     9 |    72 |    87 ||   168
       Passwall          |       |     3 |       ||     3
       Stone Arrow       |       |       |    28 ||    28
       Petrify           |       |       |     1 ||     1
Invok: Divine Energy     |       |       |     1 ||     1
  Use: Scroll            |       |     4 |     5 ||     9
       Potion            |       |       |     1 ||     1
 Stab: Sleeping          |     6 |     7 |       ||    13
       Distracted        |     1 |     1 |       ||     2
       Petrified         |       |       |     1 ||     1
  Eat: Chunk             |     2 |     8 |     3 ||    13
       Royal jelly       |       |       |     3 ||     3
       Fruit             |       |       |     3 ||     3
Armor: Robe              |    20 |    24 |       ||    44
       Leather armour    |       |       |    11 ||    11
Dodge: Dodged            |    54 |   103 |    53 ||   210
Block: Buckler           |       |       |    13 ||    13

Table legend:
 A = Spawn XP
 B = Non-spawn XP
 C = Spawn XP percentage of total XP
 D = Spawn monster count
 E = Non-spawn monster count
 F = Spawn count percentage of total count
 G = Total turns spent on level
                    A         B        C        D         E        F      G
               +---------+---------+-------+---------+---------+-------+---------
         Total |     218 |    2906 |   7.0 |       1 |     149 |   0.7 |  6582
               +---------+---------+-------+---------+---------+-------+---------
           D:1 |       0 |      37 |   0.0 |       0 |      22 |   0.0 |   901
           D:2 |       0 |      61 |   0.0 |       0 |      25 |   0.0 |   903
           D:3 |       0 |     110 |   0.0 |       0 |      23 |   0.0 |   713
           D:4 |       0 |     378 |   0.0 |       0 |      22 |   0.0 |  1311
           D:5 |       0 |     369 |   0.0 |       0 |      18 |   0.0 |   774
           D:6 |       0 |     762 |   0.0 |       0 |      13 |   0.0 |   476
           D:7 |       0 |     959 |   0.0 |       0 |      13 |   0.0 |   829
       Abyss:1 |     218 |      32 |  87.2 |       1 |       1 |  50.0 |   153
       Ossuary |       0 |     198 |   0.0 |       0 |      12 |   0.0 |   415
               +---------+---------+-------+---------+---------+-------+---------
